 Dungeon Crawl Stone Soup version 0.20.0-10-g0535bb4 (webtiles) character file.

557796 Zwobot the Warrior (level 25, -6/213 HPs)
             Began as a Mummy Fighter on June 3, 2017.
             Was the Champion of Makhleb.
             Mangled by an Orb Guardian (11 damage)
             ... on level 5 of the Realm of Zot.
             The game lasted 03:30:09 (48581 turns).

Zwobot the Warrior (Mummy Fighter)                 Turns: 48581, Time: 03:30:11

Health: -6/213     AC: 39    Str: 29 (30) XL:     25   Next: 25%
Magic:  30/30      EV: 18    Int:  8      God:    Makhleb [******]
Gold:   2067       SH:  0    Dex: 21      Spells: 22/24 levels left

rFire    + + .     SeeInvis .   b - +5 battleaxe (vamp)
rCold    + . .     Gourm    .   (shield currently unavailable)
rNeg     + + +     Faith    .   B - +8 orange crystal plate armour {Archmagi, Int+3 Clar}
rPois    ∞         Spirit   .   y - +2 helmet of the Cuttlefish {rF+}
rElec    +         Reflect  .   P - scarf {cloud immunity}
rCorr    +         Harm     .   Q - +4 pair of gloves of Hysteria {rElec rN+ rCorr}
MR       ++++.     Clarity  +   V - +2 pair of boots
Stlth    ..........             p - amulet of regeneration
Regen    0.9/turn               k - ring "Bonykh" {*Corrode rN+ MR+ Dex+5 Slay+5}
MPRegen  0.3/turn               J - ring "Jischu Iryp" {rF++ Str+4 Int-3}

@: about to teleport, corroded
A: no food or potions, fire vulnerability, cold resistance 1, negative energy
resistance 3, torment resistance, unbreathing, in touch with death 1
}: 3/15 runes: serpentine, barnacled, silver
a: Minor Destruction, Lesser Servant of Makhleb, Major Destruction, Greater
Servant of Makhleb, Renounce Religion


You were on level 5 of the Realm of Zot.
You worshipped Makhleb.
Makhleb was exalted by your worship.
You were not hungry.

You visited 10 branches of the dungeon, and saw 48 of its levels.
You visited 1 bazaar.
You also visited: Trove, Ossuary, Ice Cave and Volcano.

You collected 5956 gold pieces.
You spent 3889 gold pieces at shops.

Inventory:

Hand Weapons
 a - a +9 battleaxe of freezing
 b - a +5 vampiric battleaxe (weapon)
Missiles
 c - 17 javelins of returning (quivered)
 w - 3 throwing nets
 R - 15 steel javelins
Armour
 y - the +2 helmet of the Cuttlefish (worn) {rF+}
   (You found it on level 4 of the Snake Pit)

   It protects you from fire.
 B - the +8 orange crystal plate armour (worn) {Archmagi, Int+3 Clar}
   (You found it on level 4 of the Vaults)

   It affects your intelligence (+3).
   It protects you against confusion.
 D - the +3 pair of gauntlets of War {Slay+5}
   (You bought it in a shop on level 15 of the Dungeon)

   It affects your accuracy and damage with ranged weapons and melee attacks
   (+5).
 P - a scarf of cloud immunity (worn)
 Q - the +4 pair of gloves of Hysteria (worn) {rElec rN+ rCorr}
   (You found it in an ice cave)

   It insulates you from electricity.
   It protects you from negative energy.
   It protects you from acid and corrosion.
 V - a +2 pair of boots (worn)
Jewellery
 k - the ring "Bonykh" (left hand) {*Corrode rN+ MR+ Dex+5 Slay+5}
   (You bought it in a shop on level 2 of the Vaults)

   [ring of dexterity]

   It affects your dexterity (+5).
   It affects your accuracy and damage with ranged weapons and melee attacks
   (+5).
   It protects you from negative energy.
   It affects your resistance to hostile enchantments.
   It may corrode you when you take damage.
 p - an amulet of regeneration (around neck)
 x - an uncursed ring of see invisible
 F - a +5 ring of protection
 J - the ring "Jischu Iryp" (right hand) {rF++ Str+4 Int-3}
   (You took it off a crimson imp on level 13 of the Dungeon)

   [ring of strength]

   It affects your strength (+4).
   It affects your intelligence (-3).
   It greatly protects you from fire.
 K - an uncursed ring of protection from fire
 N - the ring of Seos Ila {Wiz rElec Stlth+}
   (You found it on level 13 of the Dungeon)

   [ring of wizardry]

   It improves your spell success rate.
   It insulates you from electricity.
   It makes you more stealthy.
 O - a +4 ring of protection
 S - the ring "Jaur" {rF+ Dex+3}
   (You found it on level 13 of the Dungeon)

   [ring of dexterity]

   It affects your dexterity (+3).
   It protects you from fire.
Wands
 e - a wand of clouds (2/9)
 j - a wand of paralysis (12/24)
 Y - a wand of iceblast (7/15)
Scrolls
 f - 31 scrolls of remove curse
 g - a scroll of fear
 h - 2 scrolls of amnesia
 l - 10 scrolls of teleportation
 n - 2 scrolls of vulnerability
 o - a scroll of brand weapon
 t - 7 scrolls of enchant armour
 u - 13 scrolls of identify
 C - 2 scrolls of recharging
 G - 9 scrolls of fog
 W - a scroll of summoning
Books
 m - a book of Alchemy

   Spells                             Type                      Level
   a - Sublimation of Blood           Necromancy                   2
   b - Ignite Poison                  Fire/Transmutation/Poison    3
   c - Petrify                        Transmutation/Earth          4
   d - Alistair's Intoxication        Transmutation/Poison         5
   e - Irradiate                      Conjuration/Transmutation    5
Miscellaneous
 i - 2 sacks of spiders
 A - a lightning rod (1/4)
 I - a lamp of fire
 U - 4 boxes of beasts


   Skills:
 * Level 20.8 Fighting
 - Level 20.0 Axes
 + Level 18.5 Armour
 + Level 16.6 Dodging
   Level 2.4 Shields
 - Level 10.2 Invocations
 - Level 8.7 Evocations


You had 22 spell levels left.
You knew the following spells:

 Your Spells              Type           Power        Failure   Level  Hunger
a - Blink                 Tloc           N/A          100%        2    N/A

Dungeon Overview and Level Annotations

Branches:
Dungeon (15/15)            Temple (1/1) D:6            Lair (6/6) D:9
 Shoals (4/4) Lair:4        Snake (4/4) Lair:4        Slime (0/5) Lair:5
    Orc (2/2) D:10            Elf (0/3) Orc:2        Vaults (5/5) D:14
  Crypt (0/3) Vaults:3     Depths (5/5) D:15           Hell (1/1)
    Zot (5/5) Depths:5
    Dis: Hell:1         Geh: Hell:1         Coc: Hell:1         Tar: Hell:1

Altars:
Ashenzari
Cheibriados
Dithmenos
Elyvilon
Fedhas
Gozag
Hepliaklqana
Kikubaaqudgha
Makhleb
Nemelex Xobeh
Okawaru
Qazlal
Ru
Sif Muna
Trog
Uskayaw
Vehumet
Xom
Yredelemnul
Zin
The Shining One
Beogh
Jiyva

Shops:
D:15 ![:(   Orc:2 *=[(   Snake:1 =[   Snake:3 *((   Vaults:1 %   Vaults:2 =
Vaults:3 [[:   Depths:1 }=}   Depths:3 }

Portals:
Hell: Depths:1 Depths:2 Depths:3 Depths:4 Depths:5
Abyss: Depths:3 Depths:4 Depths:5
Pandemonium: Depths:3
Ziggurat: Depths:2

Annotations:
Lair:2 exclusion: 2 oklob plants
Shoals:3 exclusion: Roxanne, Roxanne


Innate Abilities, Weirdness & Mutations

You do not eat or drink.
Your flesh is vulnerable to fire.
You are immune to poison.
Your flesh is cold resistant. (rC+)
You are immune to negative energy. (rN+++)
You are immune to unholy pain and torment.
You can survive without breathing.
You are in touch with the powers of death.


Message History

Unknown command.
Unknown command.
Unknown command.
Unknown command.
Unknown command.
Unknown command.
Unknown command.
Unknown command.
Unknown command.
Unknown command.
Unknown command.
You can't drink.
Evoke which item? (* to show all) (? for menu, Esc to quit)
You open the lid... ...and a juvenile weirdsting beast leaps out!
The Orb Guardian hits you!!
* * * LOW HITPOINT WARNING * * *
You hear a deafening roar!
The Orb Guardian hits you!
You die...

.........
....[....
........
▓##.....▓▓
.......D.▓▓
........*p▓▓
......q.dXq▓▓
..........q*▓
......y..d*@▓
......!..pX▓▓
.......|.H▓▓
/........▓▓
..........
..........
.........
....... ....


You could see 3 orbs of fire, 2 Killer Klowns, 3 draconians, a storm dragon, 2
draconians, 2 Orb Guardians, a moth of wrath (fleeing) and a friendly juvenile
weirdsting beast.

Vanquished Creatures
  An ancient lich (Depths:3)
  Mennas (Vaults:3)
  2 juggernauts
  Margery (Depths:4)
  Boris (Depths:4)
  A curse toe (Zot:5)
  Saint Roka (Vaults:3)
  Geryon (Hell)
  2 golden dragons
  the Enchantress (Depths:4)
  A hellephant (Zot:1)
  A lich (Depths:5)
  Jorgrun (Shoals:2)
  6 tentacled monstrosities
  2 Orb Guardians (Zot:5)
  2 quicksilver dragons (Vaults:5)
  3 titans (Vaults:5)
  2 krakens
  A sphinx (Vaults:5)
  Polyphemus (Shoals:2)
  2 death cobs (Zot:1)
  6 storm dragons
  Ilsuiw (Shoals:4)
  5 shadow dragons
  8 tengu reavers
  5 nagarajas (Snake:4)
  7 fire giants
  14 frost giants
  2 orc warlords
  Aizul (Shoals:3)
  6 deep elf sorcerers
  A draconian knight (Zot:5)
  An iron dragon (Vaults:5)
  15 vault wardens
  A deep elf elementalist (Vaults:5)
  2 ghost moths
  Louise (Shoals:3)
  2 draconian shifters
  4 spriggan defenders
  3 war gargoyles (Vaults:5)
  14 very ugly things
  23 stone giants
  2 draconian annihilators
  A draconian stormcaller (Zot:3)
  9 ironheart preservers
  2 reapers (Depths:4)
  4 vampire knights
  A juggernaut skeleton (Depths:1)
  7 green draconians
  An entropy weaver (Vaults:4)
  Nessos (Lair:5)
  A black draconian (Depths:5)
  2 purple draconians
  5 white draconians
  3 deep elf annihilators
  5 red draconians
  3 yellow draconians (Zot:5)
  6 merfolk javelineers
  7 ettins
  An eidolon (Vaults:3)
  5 deep elf death magi
  12 fire dragons
  A fire dragon (shapeshifter) (Depths:1)
  19 yaktaur captains
  5 merfolk impalers
  2 deep elf high priests
  9 ice dragons
  21 naga warriors
  8 great orbs of eyes
  17 anacondas
  6 spriggan air magi
  6 catoblepae
  6 rakshasas
  3 alligator snapping turtles
  29 vault guards
  3 merfolk avatars (Shoals:4)
  2 anacondas (shapeshifter)
  2 merfolk aquamancers (Shoals:4)
  2 death knights
  33 two-headed ogres
  The ghost of PeterLawrence the Cleaver, a novice MiFi (Volcano)
  19 centaur warriors
  A dancing weapon (Vaults:5)
  8 hydras
  9 tengu warriors
  A queen ant (D:11)
  12 death yaks
  8 satyrs
  A satyr (shapeshifter) (Depths:2)
  9 spriggan berserkers
  8 deep troll shamans
  6 orc high priests (Orc:2)
  The ghost of Gravenous the Basher, a novice OgEE of Gozag (D:7)
  3 deep troll earth magi (Depths:5)
  3 vampire magi
  12 shock serpents
  5 deep elf knights
  23 ogre magi
  11 naga sharpshooters
  10 spriggans (Depths:4)
  4 soul eaters
  10 skeletal warriors
  3 shadow wraiths
  A fire crab (shapeshifter) (Depths:4)
  12 hell knights
  8 salamander mystics
  5 small abominations
  18 deep trolls
  7 flayed ghosts
  6 unseen horrors
  2 iron trolls (Depths:5)
  6 glowing orange brains
  16 naga ritualists
  10 sea snakes
  6 wizards
  A glowing orange brain (shapeshifter) (D:15)
  A swamp dragon (shapeshifter) (Depths:2)
  A lindwurm (shapeshifter) (D:14)
  8 deep elf archers
  15 ironbrand convokers
  20 orc knights
  7 phantasmal warriors
  7 necromancers
  21 deep elf magi
  An orb spider (shapeshifter) (Vaults:3)
  5 lindwurms
  2 anaconda skeletons (Volcano)
  7 orc sorcerers
  9 wolf spiders
  16 harpies
  A stone giant zombie (Depths:1)
  9 moths of wrath
  A fire giant zombie (D:15)
  9 mana vipers
  A sphinx skeleton (Depths:1)
  17 salamanders
  14 cyclopes
  17 manticores
  48 ugly things
  25 fauns
  44 black mambas
  8 elephants
  15 vault sentinels
  9 guardian serpents
  30 naga magi
  A torpor snail (shapeshifter) (Depths:2)
  14 merfolk sirens
  A black mamba (shapeshifter) (Depths:4)
  9 water nymphs
  An ice statue (IceCv)
  8 spiny frogs
  The ghost of kraktruk the Cleaver, a novice DsCK of Xom (D:5)
  10 komodo dragons
  8 gargoyles
  A rime drake (Lair:3)
  53 yaktaurs
  A yaktaur zombie (D:15)
  A yaktaur (shapeshifter) (Vaults:3)
  14 freezing wraiths
  A yaktaur skeleton (Vaults:4)
  12 tengu conjurers
  A meliai (shapeshifter) (Vaults:2)
  2 merfolk (shapeshifter)
  A guardian mummy (D:15)
  A polar bear (Lair:6)
  64 orc warriors
  21 merfolk
  7 wind drakes
  2 queen bees
  17 trolls
  A jumping spider (shapeshifter) (Depths:2)
  A polar bear (shapeshifter) (Vaults:4)
  A hydra skeleton (Hell)
  4 meliai
  18 blink frogs
  A harpy skeleton (Volcano)
  A raiju (shapeshifter) (Depths:3)
  3 snapping turtles
  The ghost of PeterMcNeter the Vandal, an amateur HaHu of the Shining One (D:4)
  6 hippogriffs
  34 slime creatures
  An ettin zombie (Vaults:4)
  12 hornets
  A dream sheep (shapeshifter) (Depths:2)
  3 flying skulls (Volcano)
  4 redbacks (Vaults:4)
  A stone giant simulacrum (Vaults:1)
  21 dream sheep
  A meliai zombie (D:12)
  A spriggan (shapeshifter) (Vaults:3)
  2 shadows
  A fire dragon skeleton (D:15)
  2 alligator skeletons (Volcano)
  5 air elementals
  2 vampires (D:14)
  4 wraiths
  5 wyverns
  8 water elementals
  Sigmund (D:5)
  A redback (shapeshifter) (Vaults:5)
  A human (shapeshifter) (Depths:4)
  65 yaks
  5 hungry ghosts
  8 large abominations (Depths:5)
  A vampire mosquito (D:13)
  3 basilisks (D:14)
  2 death yak simulacra (IceCv)
  A chaos spawn (Depths:5)
  A steam dragon (D:10)
  9 wargs
  3 acid dragons
  61 nagas
  16 water moccasins
  14 soldier ants (D:11)
  An acid dragon (shapeshifter) (Depths:4)
  13 porcupines
  5 sky beasts
  33 ogres
  An eye of draining (shapeshifter) (Vaults:1)
  10 ice beasts
  A necrophage (D:11)
  3 phantoms
  25 centaurs
  22 boggarts
  6 wolves
  15 crocodiles
  An elf skeleton (Vaults:4)
  A big kobold (D:9)
  A bullfrog (shapeshifter) (Vaults:5)
  21 bullfrogs
  A wyvern zombie (D:13)
  A scorpion (shapeshifter) (D:13)
  Dowan (D:7)
  4 scorpions
  33 killer bees
  6 howler monkeys
  2 spriggan skeletons (Volcano)
  2 troll skeletons (Volcano)
  4 electric eels
  A draconian simulacrum (IceCv)
  2 bullfrog zombies (D:5)
  5 centaur zombies
  11 crimson imps
  A human simulacrum (Vaults:3)
  3 human zombies
  A quasit (D:7)
  3 hounds
  5 jellies
  19 orc wizards
  23 orc priests
  A bullfrog skeleton (D:13)
  4 centaur skeletons
  An iguana (D:8)
  41 worker ants
  A spriggan simulacrum (IceCv)
  2 polar bear simulacra (IceCv)
  A troll simulacrum (IceCv)
  A killer bee zombie (D:7)
  2 centaur simulacra (IceCv)
  A naga skeleton (Volcano)
  3 mummies (Ossuary)
  2 worker ant zombies
  4 gnolls
  11 adders
  3 ogre simulacra (IceCv)
  5 naga simulacra (IceCv)
  3 shadow imps
  8 white imps
  An ooze (D:6)
  An adder skeleton (D:9)
  4 worms
  A worm (shapeshifter) (Depths:4)
  2 dart slugs
  3 leopard geckos
  99 orcs
  A ball python (D:3)
  8 bats
  5 giant cockroaches
  9 hobgoblins
  5 jackals
  4 quokkas
  A ball python skeleton (D:4)
  8 frilled lizards
  13 goblins
  2 goblin zombies (Ossuary)
  14 kobolds
  2 kobold zombies (Ossuary)
  A leopard gecko skeleton (D:4)
  2 orc zombies (Ossuary)
  9 rats
  4 fungi
  28 plants
  7 tentacles
2246 creatures vanquished.

Vanquished Creatures (collateral kills)
  A hydra (Lair:4)
  A guardian serpent (D:9)
  4 freezing wraiths (IceCv)
  A tengu conjurer (Depths:2)
  A harpy skeleton (Volcano)
  An orc warrior (D:10)
  6 killer bees (D:9)
  An orc priest (D:9)
  2 orc wizards
  2 troll simulacra (IceCv)
  2 centaur simulacra (IceCv)
  2 ogre simulacra (IceCv)
  A naga simulacrum (IceCv)
  16 white imps
  5 orcs
  A quokka (D:9)
47 creatures vanquished.

Vanquished Creatures (others)
  An ogre mage (Depths:3)
  A tengu warrior (Depths:2)
  A mana viper (Snake:4)
  A naga mage (Snake:2)
  A black mamba (Snake:4)
  A tengu conjurer (Depths:2)
  A yak (D:9)
  Duvessa (D:7)
  6 killer bees
  An orc wizard (D:13)
  A gnoll (D:8)
  A quokka (D:5)
  9 fungi
  101 plants
  16 tentacles
143 creatures vanquished.

Grand Total: 2436 creatures vanquished

Notes
Turn   | Place    | Note
-------+----------+-------------------------------------------
     0 | D:1      | Zwobot the Mummy Fighter began the quest for the Orb.
     0 | D:1      | Reached XP level 1. HP: 18/18 MP: 1/1
   205 | D:1      | Reached XP level 2. HP: 16/24 MP: 2/2
   666 | D:2      | Reached XP level 3. HP: 24/30 MP: 3/3
  1043 | D:2      | Found a shadowy altar of Dithmenos.
  1714 | D:3      | Reached XP level 4. HP: 37/37 MP: 4/4
  2263 | D:3      | Found a white marble altar of Elyvilon.
  2299 | D:3      | Found a shimmering altar of Xom.
  2299 | D:3      | Found a deep blue altar of Sif Muna.
  2539 | D:3      | Reached XP level 5. HP: 27/42 MP: 5/5
  2662 | D:5      | Entered Level 5 of the Dungeon
  2662 | D:5      | Noticed Sigmund
  2672 | D:5      | Killed Sigmund
  2672 | D:5      | Reached XP level 6. HP: 49/49 MP: 6/6
  2703 | D:5      | Noticed kraktruk's ghost (novice DsCK)
  2794 | D:5      | Found a white marble altar of Elyvilon.
  2942 | D:6      | Reached skill level 5 in Axes
  3130 | D:5      | Reached skill level 1 in Evocations
  3533 | D:5      | Reached XP level 7. HP: 55/55 MP: 8/8
  3831 | D:4      | Noticed PeterMcNeter's ghost (amateur HaHu)
  3862 | D:4      | Killed PeterMcNeter's ghost
  4196 | D:4      | Found an ancient bone altar of Kikubaaqudgha.
  4823 | D:5      | Killed kraktruk's ghost
  4823 | D:5      | Reached skill level 5 in Evocations
  4823 | D:5      | Reached XP level 8. HP: 52/61 MP: 11/11
  5269 | D:6      | Found a staircase to the Ecumenical Temple.
  5275 | Temple   | Entered the Ecumenical Temple
  5330 | Temple   | Became a worshipper of Makhleb the Destroyer
  5429 | D:6      | Found an opulent altar of Gozag.
  5964 | D:7      | Noticed Duvessa
  5964 | D:7      | Noticed Dowan
  5968 | D:7      | Noticed Gravenous's ghost (novice OgEE)
  5974 | D:7      | Killed Dowan
  5982 | D:7      | Your ally died
  6086 | D:7      | Killed Gravenous's ghost
  6086 | D:7      | Reached skill level 5 in Fighting
  6103 | D:7      | Reached XP level 9. HP: 68/68 MP: 13/13
  6307 | D:7      | Found a sand-covered staircase.
  6330 | Ossuary  | Entered an ossuary
  6611 | Ossuary  | Reached * piety under Makhleb
  7098 | D:8      | Found a hazy altar of Hepliaklqana.
  7587 | D:9      | Noticed a guardian serpent
  7602 | D:9      | Killed a guardian serpent
  7782 | D:9      | Reached ** piety under Makhleb
  7782 | D:9      | Reached XP level 10. HP: 42/77 MP: 14/14
  7851 | D:9      | Found a staircase to the Lair.
  7900 | D:9      | Found a sacrificial altar of Ru.
  8540 | D:9      | Reached skill level 10 in Axes
  8697 | D:10     | Entered Level 10 of the Dungeon
  8710 | D:10     | Found a staircase to the Orcish Mines.
  8888 | D:10     | Reached *** piety under Makhleb
  9690 | D:11     | Reached XP level 11. HP: 81/86 MP: 16/16
  9693 | D:11     | Reached **** piety under Makhleb
  9716 | D:11     | Noticed a queen ant
  9734 | D:11     | Killed a queen ant
 10733 | D:11     | Noticed a two-headed ogre
 10745 | D:11     | Killed a two-headed ogre
 10745 | D:11     | Reached ***** piety under Makhleb
 11048 | D:12     | Found a snail-covered altar of Cheibriados.
 11048 | D:12     | Noticed a deep elf mage
 11136 | Lair:1   | Entered Level 1 of the Lair of Beasts
 11313 | Lair:1   | Noticed an eight-headed hydra
 11324 | Lair:1   | Killed an eight-headed hydra
 11834 | Lair:1   | Reached skill level 10 in Fighting
 11846 | Lair:1   | Noticed a seven-headed hydra
 11851 | Lair:1   | Killed a seven-headed hydra
 11851 | Lair:1   | Reached XP level 12. HP: 97/97 MP: 17/17
 12240 | Lair:2   | Reached skill level 1 in Dodging
 12710 | Lair:2   | Reached skill level 5 in Armour
 13031 | Lair:2   | Noticed a seven-headed hydra
 13037 | Lair:2   | Killed a seven-headed hydra
 13503 | Lair:3   | Noticed a four-headed hydra
 13510 | Lair:3   | Killed a four-headed hydra
 13633 | Lair:3   | Gained mutation: You are in touch with the powers of death. [Mummy growth]
 13633 | Lair:3   | Reached XP level 13. HP: 54/103 MP: 19/19
 13633 | Lair:3   | Reached ****** piety under Makhleb
 14113 | Lair:4   | Found a frozen archway.
 14128 | IceCv    | Entered an ice cave
 14722 | IceCv    | Found an ancient bone altar of Kikubaaqudgha.
 15277 | IceCv    | Got a pair of faintly glowing gloves
 15288 | IceCv    | Identified the +4 pair of gloves of Hysteria {rElec rN+ rCorr} (You found it in an ice cave)
 15416 | Lair:4   | Found a staircase to the Snake Pit.
 15610 | Lair:4   | Found a staircase to the Shoals.
 16275 | Lair:5   | Found a staircase to the Slime Pits.
 16275 | Lair:5   | Found a viscous altar of Jiyva.
 16289 | Lair:5   | Noticed Nessos
 16305 | Lair:5   | Killed Nessos
 16305 | Lair:5   | Reached skill level 10 in Armour
 16836 | Lair:6   | Entered Level 6 of the Lair of Beasts
 16997 | Lair:6   | Found a dark tunnel.
 17002 | Volcano  | Entered a volcano
 17093 | Volcano  | Noticed PeterLawrence's ghost (novice MiFi)
 17107 | Volcano  | Killed PeterLawrence's ghost
 17637 | Lair:6   | Reached XP level 14. HP: 110/110 MP: 20/20
 18761 | Orc:1    | Entered Level 1 of the Orcish Mines
 19455 | Orc:1    | Found a roughly hewn altar of Beogh.
 19576 | Orc:2    | Entered Level 2 of the Orcish Mines
 19576 | Orc:2    | Found Hidiy's Antique Armour Emporium.
 19922 | Orc:2    | Found Xaxzaqext's Jewellery Shoppe.
 19975 | Orc:2    | Noticed an orc warlord
 19977 | Orc:2    | Found a staircase to the Elven Halls.
 19998 | Orc:2    | Killed an orc warlord
 20076 | Orc:2    | Reached XP level 15. HP: 115/115 MP: 21/21
 20077 | Orc:2    | Reached skill level 5 in Dodging
 20200 | Orc:2    | Found Upnuynea's Antique Weapon Shoppe.
 20348 | Orc:2    | Found Ykkiurepu's General Store.
 20542 | Orc:2    | Bought a brightly glowing plate armour for 840 gold pieces
 20542 | Orc:2    | Identified the +5 plate armour of Light {rElec rPois Str-3} (You bought it in a shop on level 2 of the Orcish Mines)
 20558 | Orc:2    | Bought a +5 ring of protection for 715 gold pieces
 21668 | D:13     | Found a runed door.
 21681 | D:13     | Got a twitching jade ring
 21682 | D:13     | Identified the ring "Jischu Iryp" {rF++ Str+4 Int-3} (You took it off a crimson imp on level 13 of the Dungeon)
 21686 | D:13     | Found a runed door.
 21713 | D:13     | Found a runed door.
 21837 | D:13     | Got a wavering iron ring
 21840 | D:13     | Got a warped turquoise ring
 21841 | D:13     | Identified the ring of Seos Ila {Wiz rElec Stlth+} (You found it on level 13 of the Dungeon)
 21842 | D:13     | Identified the ring "Nuhad" {*Corrode rPois rC+ Str+4} (You found it on level 13 of the Dungeon)
 21849 | D:13     | Got a heavily runed jade ring
 21853 | D:13     | Identified the ring "Jaur" {rF+ Dex+3} (You found it on level 13 of the Dungeon)
 22321 | D:14     | Found a gate to the Vaults.
 22552 | D:14     | Reached skill level 15 in Axes
 22677 | D:14     | Noticed a fire giant
 22697 | D:14     | Killed a fire giant
 22740 | D:14     | Identified the Disquisition on Darkness
 22804 | D:14     | Reached XP level 16. HP: 124/124 MP: 22/22
 23440 | D:15     | Entered Level 15 of the Dungeon
 23530 | D:15     | Found a staircase to the Depths.
 23782 | D:15     | Found Lawan's Distillery.
 24088 | D:15     | Found Toruuv's Armour Boutique.
 24090 | D:15     | Found Xuuneow's Book Boutique.
 24095 | D:15     | Found Qaawim's Armour Boutique.
 24103 | D:15     | Found Kegecixzyf's Antique Weapon Boutique.
 24135 | D:15     | Bought the +3 pair of gauntlets of War {Slay+5} for 665 gold pieces
 24522 | Snake:1  | Entered Level 1 of the Snake Pit
 24610 | Snake:1  | Found Munucwye's Antique Armour Emporium.
 24614 | Snake:1  | Found Kesyvercho's Jewellery Shoppe.
 25922 | Snake:2  | Found a runed door.
 26242 | Snake:2  | Reached XP level 17. HP: 85/133 MP: 23/23
 26862 | Snake:3  | Found a flickering gateway to a bazaar.
 26868 | Bazaar   | Entered a bazaar
 26868 | Bazaar   | Found Gijudaff's Book Shoppe.
 26872 | Bazaar   | Found Jainkeibay's Weapon Boutique.
 26883 | Bazaar   | Found Escho's Armour Shop.
 26931 | Bazaar   | Found Camoushre's Distillery.
 26987 | Snake:3  | Found Itialurph's Antique Weapon Shop.
 26991 | Snake:3  | Found Epaetsak's Antique Weapon Shop.
 27090 | Snake:3  | Found Vugew's General Store.
 27463 | Snake:4  | Entered Level 4 of the Snake Pit
 27957 | Snake:4  | Got a bloodstained helmet
 27968 | Snake:4  | Identified the +2 helmet of the Cuttlefish {rF+} (You found it on level 4 of the Snake Pit)
 28764 | Snake:4  | HP: 4/137 [nagaraja/poison arrow (12)]
 29006 | Snake:4  | Reached XP level 18. HP: 143/143 MP: 24/24
 29413 | Snake:4  | Reached skill level 10 in Dodging
 29513 | Snake:4  | Got a serpentine rune of Zot
 29736 | Shoals:1 | Entered Level 1 of the Shoals
 30566 | Shoals:2 | Noticed Polyphemus
 30590 | Shoals:2 | Killed Polyphemus
 31159 | Shoals:2 | Noticed Jorgrun
 31168 | Shoals:2 | Killed Jorgrun
 31285 | Shoals:3 | Noticed Louise
 31302 | Shoals:3 | Killed Louise
 31375 | Shoals:3 | Noticed Roxanne
 31379 | Shoals:3 | Noticed Aizul
 31406 | Shoals:3 | Killed Aizul
 31877 | Shoals:4 | Entered Level 4 of the Shoals
 31916 | Shoals:4 | Reached XP level 19. HP: 105/153 MP: 25/25
 31954 | Shoals:4 | Noticed Ilsuiw
 32448 | Shoals:4 | Killed Ilsuiw
 32478 | Shoals:4 | Reached skill level 15 in Fighting
 32955 | Shoals:4 | Got a barnacled rune of Zot
 33133 | Shoals:4 | Identified the Papyrus of the Damaging Glacier
 33526 | Vaults:1 | Entered Level 1 of the Vaults
 33867 | Vaults:1 | Found a glowing golden altar of the Shining One.
 33966 | Vaults:1 | Found Ytaiheix's Food Shoppe.
 35352 | Vaults:2 | Reached XP level 20. HP: 164/164 MP: 26/26
 35858 | Vaults:2 | Found Laobrist's Jewellery Shop.
 35874 | Vaults:2 | Bought the ring "Bonykh" {*Corrode rN+ MR+ Dex+5 Slay+5} for 880 gold pieces
 36222 | Vaults:3 | Found Dol Qonn's Book Shop.
 36449 | Vaults:3 | Found a staircase to the Crypt.
 36552 | Vaults:3 | Noticed Saint Roka
 36582 | Vaults:3 | Killed Saint Roka
 36762 | Vaults:3 | Found Fytseiheag's Antique Armour Shop.
 36770 | Vaults:3 | Noticed Mennas
 36800 | Vaults:3 | HP: 7/166 [tentacled monstrosity (7)]
 37240 | Vaults:3 | Killed Mennas
 37307 | Vaults:3 | Bought a spiked chain mail for 389 gold pieces
 37307 | Vaults:3 | Identified the +2 chain mail of Boes {rN+} (You bought it in a shop on level 3 of the Vaults)
 37342 | Vaults:3 | Found Diehi's Antique Armour Emporium.
 37671 | Vaults:4 | Found a portal to a secret trove of treasure.
 37850 | Vaults:4 | Got a clouded brass amulet
 37851 | Vaults:4 | Identified the amulet of Saiwezxo {Spirit rC++ rN+} (You took it off an orc warrior on level 4 of the Vaults)
 37923 | Vaults:4 | Reached XP level 21. HP: 166/174 MP: 27/27
 38603 | Vaults:4 | Reached skill level 15 in Armour
 39068 | Vaults:4 | Noticed an ancient lich
 39095 | Vaults:5 | Entered Level 5 of the Vaults
 39416 | Vaults:5 | Reached XP level 22. HP: 168/185 MP: 28/28
 39474 | Vaults:5 | Got a silver rune of Zot
 40144 | Vaults:5 | Got a scorched copper ring
 40145 | Vaults:5 | Identified the ring "Veky" {rF- rC+ rN++ Int+2} (You found it on level 5 of the Vaults)
 40485 | Vaults:5 | Reached skill level 1 in Invocations
 41182 | Depths:1 | Entered Level 1 of the Depths
 41726 | Depths:1 | Got a heavily runed silver ring
 41727 | Depths:1 | Identified the ring of Sosyipti {MR+ Dex+5} (You found it on level 1 of the Depths)
 41782 | Depths:1 | Got a vibrating copper ring
 41783 | Depths:1 | Identified the ring of Owyq {MP+9 Int+3} (You found it on level 1 of the Depths)
 41861 | Depths:1 | Found a glowing golden altar of the Shining One.
 41991 | Depths:1 | Got a flickering sapphire amulet
 41992 | Depths:1 | Identified the amulet "Waseysits" {Harm *Drain rPois rF+ rN+ Int+2} (You found it on level 1 of the Depths)
 42023 | Depths:1 | Noticed a golden dragon
 42040 | Depths:1 | Killed a golden dragon
 42053 | Depths:1 | Reached skill level 5 in Invocations
 42053 | Depths:1 | Reached XP level 23. HP: 194/194 MP: 29/29
 42132 | Depths:1 | Found a gateway to Hell.
 42280 | Depths:1 | Found Teneostre's Gadget Shoppe.
 42280 | Depths:1 | Found Roreth's Jewellery Shop.
 42281 | Depths:1 | Found Teub's Gadget Shoppe.
 42330 | Depths:1 | Bought a box of beasts for 400 gold pieces
 42427 | Depths:2 | Found a gateway to a ziggurat.
 42440 | Depths:2 | Paralysed by a floating eye for 4 turns
 42842 | Depths:2 | Noticed a juggernaut
 42864 | Depths:2 | Killed a juggernaut
 42928 | Depths:2 | Reached skill level 15 in Dodging
 43298 | Depths:2 | Paralysed by a floating eye for 4 turns
 43304 | Depths:2 | Paralysed by a floating eye for 4 turns
 43366 | Depths:3 | Found a one-way gate to the infinite horrors of the Abyss.
 43830 | Depths:3 | Found Citelo Ubra's Gadget Shoppe.
 43972 | Depths:3 | Identified the Volume of Displacement
 43997 | Depths:3 | Found a deep blue altar of Sif Muna.
 44007 | Depths:3 | Noticed an ancient lich
 44021 | Depths:3 | Killed an ancient lich
 44175 | Depths:3 | Found a one-way gate leading to the halls of Pandemonium.
 44306 | Depths:3 | Identified the Volume of the Last Deaths
 44309 | Depths:3 | Identified Couteaso's Collected Works on the Virous Entourage
 44320 | Depths:3 | Identified the Handbook of Dislocation
 44323 | Depths:3 | Identified Sif Muna's Volume of the Fetching Mountains
 44474 | Depths:4 | Noticed Margery
 44505 | Depths:4 | Killed Margery
 44663 | Depths:4 | Noticed Boris
 44701 | Depths:4 | Killed Boris
 44701 | Depths:4 | Reached XP level 24. HP: 201/201 MP: 29/29
 45203 | Depths:4 | Noticed the Enchantress
 45225 | Depths:4 | Killed the Enchantress
 45243 | Depths:4 | Got faerie dragon scales
 45245 | Depths:4 | Identified the +2 faerie dragon scales {rPois rCorr} (You took it off the Enchantress on level 4 of the Depths)
 45576 | Hell     | Entered the Vestibule of Hell
 45576 | Hell     | Noticed Geryon
 45797 | Depths:4 | Reached skill level 10 in Invocations
 45840 | Hell     | Killed Geryon
 46259 | Vaults:4 | You paid a toll of the horn of Geryon to enter a treasure trove
 46260 | Trove    | Entered a treasure trove
 46344 | Vaults:4 | Learned a level 2 spell: Blink
 46629 | Depths:5 | Entered Level 5 of the Depths
 47283 | Depths:5 | Noticed a juggernaut
 47295 | Depths:5 | Killed a juggernaut
 47300 | Depths:5 | Found a gate to the Realm of Zot.
 47309 | Zot:1    | Entered Level 1 of the Realm of Zot
 47629 | Zot:3    | Reached XP level 25. HP: 212/212 MP: 1/30
 47939 | Zot:5    | Entered Level 5 of the Realm of Zot
 48551 | Zot:5    | Noticed an orb of fire
 48552 | Zot:5    | Noticed an ancient lich
 48557 | Zot:5    | Noticed an ancient lich
 48569 | Zot:5    | Noticed an orb of fire
 48570 | Zot:5    | Noticed an orb of fire
 48573 | Zot:5    | Noticed an orb of fire
 48578 | Zot:5    | Noticed an orb of fire
 48581 | Zot:5    | HP: 5/213 [Orb Guardian (24)]
 48581 | Zot:5    | Mangled by an Orb Guardian

Skill      XL: |  1  2  3  4  5  6  7  8  9 10 11 12 13 14 15 16 17 18 19 20 21 22 23 24 |
---------------+-------------------------------------------------------------------------+-----
Axes           | 2 3 4 5 7 9 10 12 13 15 16 17 18 20 | 20.0
Fighting       | 4 5 6 8 10 12 13 14 15 17 18 19 20 | 20.8
Evocations     | 2 5 6 7 8 |  8.7
Armour         | 3 8 11 13 14 15 16 17 18 | 18.5
Dodging        | 3 4 6 8 9 10 11 13 14 15 16 | 16.6
Invocations    | 5 9 10 | 10.2
Shields        | |  2.4

Action                   |  1- 3 |  4- 6 |  7- 9 | 10-12 | 13-15 | 16-18 | 19-21 | 22-24 | 25-27 || total
-------------------------+-------+-------+-------+-------+-------+-------+-------+-------+-------++-------
Melee: War axe           |   136 |    14 |       |       |       |       |       |       |       ||   150
       Hand axe          |       |   167 |   427 |   965 |   367 |       |       |       |       ||  1926
       Battleaxe         |       |       |       |       |  1217 |  1538 |  1705 |  1822 |   177 ||  6459
Throw: Throwing net      |       |       |       |       |     6 |     2 |       |       |       ||     8
       Javelin           |       |       |       |       |       |       |     6 |       |       ||     6
Invok: Greater Servant o |       |       |       |       |       |       |       |       |     1 ||     1
Evoke: Wand              |       |     3 |    35 |    50 |    66 |    17 |    18 |     2 |       ||   191
       Lightning rod     |       |       |       |     8 |     3 |     5 |     7 |       |       ||    23
       Lamp of fire      |       |       |       |     1 |     3 |     2 |     3 |     1 |       ||    10
       Box of beasts     |       |       |       |       |     1 |     1 |     3 |     1 |     1 ||     7
       Phantom mirror    |       |       |       |       |       |       |       |     1 |       ||     1
  Use: Scroll            |     6 |     3 |     6 |    10 |    15 |    14 |    16 |    17 |     8 ||    95
 Stab: Paralysed         |       |     6 |    52 |    25 |    10 |       |     4 |       |     2 ||    99
       Held in net/web   |       |       |       |       |     2 |     1 |       |       |       ||     3
       Distracted        |       |       |       |       |     1 |     1 |     1 |     2 |       ||     5
       Petrified         |       |       |       |       |    12 |     9 |       |       |       ||    21
       Petrifying        |       |       |       |       |     1 |     1 |       |       |       ||     2
       Confused          |       |       |       |       |       |     6 |       |     1 |       ||     7
Armor: Scale mail        |    53 |    14 |       |       |       |       |       |       |       ||    67
       Chain mail        |       |    75 |   194 |   361 |   185 |       |       |       |       ||   815
       Plate armour      |       |       |       |       |  1120 |  1261 |   669 |       |       ||  3050
       Crystal plate arm |       |       |       |       |       |       |   450 |  1408 |   133 ||  1991
Dodge: Dodged            |    31 |    36 |    63 |   158 |   824 |   813 |   845 |  1170 |   112 ||  4052
Block: Shield            |    67 |    87 |   182 |   357 |   141 |       |       |       |       ||   834
